 Dungeon Crawl Stone Soup version 0.30.1-11-g7821555f0a (webtiles) character file.

Game seed: 16642227302595844659

176090 Tauromancer the Warrior (level 17, -9/166 HPs)
             Began as a Minotaur Fighter on Dec 13, 2023.
             Was a High Priest of Okawaru.
             Mangled by a wolf spider (10 damage)
             ... led by a torpor snail
             ... on level 4 of the Spider Nest on Dec 14, 2023.
             The game lasted 03:01:14 (28589 turns).

Tauromancer the Warrior (Minotaur Fighter)         Turns: 28589, Time: 03:01:15

Health: -9/166     AC: 26    Str: 30    XL:     17   Next: 49%
Magic:  18/23      EV: 13    Int:  3    God:    Okawaru [*****.]
Gold:   894        SH: 13    Dex: 18    Spells: 16/16 levels left

rFire   + + .        b - +0 demon trident of Ypresu Iskoa {pain, rF+ rN++}
rCold   + + .        e - +0 kite shield
rNeg    + + +        j - +0 gold dragon scales
rPois   +            E - +1 hat {SInv}
rElec   .            p - scarf {+Inv}
rCorr   .            (no gloves)
SInv    +            g - +1 pair of boots "Ziwia" {Will+ Str+3 Slay+2}
Will    ++...        G - amulet of the acrobat Stlth
                     m - ring "Earthly Heaven" {rPois rC+}
HPRegen 0.47/turn    l - ring of Curiosity {rN++ Int-2 Dex+6 Slay+3}
MPRegen 0.18/turn

%: acrobat
@: finesse-ful, very slightly contaminated
A: horns 2, retaliatory headbutt, MP-powered wands
a: Renounce Religion, Evoke Invisibility, Heroism, Finesse, Duel


You were on level 4 of the Spider Nest.
You worshipped Okawaru.
Okawaru was extremely pleased with you.
You visited 6 branches of the dungeon, and saw 28 of its levels.
You visited 1 bazaar.
You also visited: Bailey.

You collected 3519 gold pieces.
You spent 2625 gold pieces at shops.

Inventory:

Hand Weapons
 a - a +6 vampiric trident
 b - the +0 demon trident of Ypresu Iskoa (weapon) {pain, rF+ rN++}
   (Okawaru gifted it to you on level 13 of the Dungeon)

   rF:        It protects you from fire.
   rN:        It greatly protects you from negative energy.
Missiles
 J - 2 boomerangs (quivered)
Armour
 e - a +0 kite shield (worn)
 f - the +7 chain mail of the Teacher {rPois Dex+6}
   (Okawaru gifted it to you on level 12 of the Dungeon)

   Dex:       It affects your dexterity (+6).
   rPois:     It protects you from poison.
 g - the +1 pair of boots "Ziwia" (worn) {Will+ Str+3 Slay+2}
   (Okawaru gifted it to you on level 2 of the Orcish Mines)

   Str:       It affects your strength (+3).
   Slay:      It affects your accuracy & damage with ranged weapons and melee
   (+2).
   Will:      It increases your willpower.
 j - +0 gold dragon scales (worn)
 p - a scarf of invisibility (worn)
 E - a +1 hat of see invisible (worn)
Jewellery
 l - the ring of Curiosity (right hand) {rN++ Int-2 Dex+6 Slay+3}
   (You bought it in a shop in a bazaar)

   [ring of dexterity]

   Int:       It affects your intelligence (-2).
   Dex:       It affects your dexterity (+6).
   Slay:      It affects your accuracy & damage with ranged weapons and melee
   (+3).
   rN:        It greatly protects you from negative energy.
 m - the ring "Earthly Heaven" (left hand) {rPois rC+}
   (You bought it in a shop on level 2 of the Orcish Mines)

   [ring of poison resistance]

   rC:        It protects you from cold.
   rPois:     It protects you from poison.
 C - an amulet of regeneration
 G - an amulet of the acrobat (around neck)
Wands
 d - a wand of flame (19)
 v - a wand of mindburst (14)
 B - a wand of digging (3)
 I - a wand of quicksilver (22)
Scrolls
 c - 8 scrolls of teleportation
 k - 3 scrolls of identify
 o - a scroll of poison
 s - 5 scrolls of fog
 u - a scroll of enchant weapon
 x - a scroll of acquirement
 y - a scroll of brand weapon
 A - 4 scrolls of fear
 D - 3 scrolls of magic mapping
 K - a scroll of silence
Potions
 h - 5 potions of resistance
 i - 9 potions of curing
 n - 3 potions of haste
 q - 6 potions of flight
 r - 2 potions of invisibility
 t - 2 potions of might
 w - 3 potions of brilliance
 z - 3 potions of ambrosia
 H - a potion of lignification
 L - a potion of magic


   Skills:
 + Level 18.9 Fighting
 - Level 16.0 Polearms
 + Level 7.0 Throwing
 + Level 18.9 Armour
 - Level 14.0 Dodging
 - Level 12.0 Shields
 - Level 10.1 Invocations


You had 16 spell levels left.
You didn't know any spells.
Your spell library contained the following spells:

 Spells                   Type           Power      Damage    Failure   Level
 Beastly Appendage        Tmut           0%         N/A       100%        1
 Foxfire                  Conj/Fire      0%         2x1d4     100%        1
 Freeze                   Ice            0%         1d3       100%        1
 Magic Dart               Conj           0%         1d3       100%        1
 Cigotuvi's Dreadful Rot  Necr/Pois/Air  0%         N/A       100%        2
 Ensorcelled Hibernation  Hex/Ice        0%         N/A       100%        2
 Searing Ray              Conj           0%         2d4       100%        2
 Sublimation of Blood     Necr           0%         N/A       100%        2
 Wereblood                Tmut           0%         N/A       100%        2
 Dazzling Flash           Conj/Hex       0%         N/A       100%        3
 Frozen Ramparts          Ice            0%         1d1       100%        3
 Gell's Gravitas          Tloc           0%         N/A       100%        3
 Hailstorm                Conj/Ice       0%         3d3       100%        3
 Ignite Poison            Fire/Tmut/Pois 0%         N/A       100%        3
 Portal Projectile        Hex/Tloc       0%         N/A       100%        3
 Spider Form              Tmut/Pois      0%         N/A       100%        3
 Teleport Other           Tloc           0%         N/A       100%        3
 Volatile Blastmotes      Fire/Tloc      0%         2d10      100%        3
 Anguish                  Hex/Necr       0%         N/A       100%        4
 Fulminant Prism          Conj/Hex       0%         3d5       100%        4
 Ice Form                 Ice/Tmut       0%         N/A       100%        4
 Iskenderun's Mystic Bla  Conj/Tloc      0%         2d3       100%        4
 Olgreb's Toxic Radiance  Pois           0%         N/A       100%        4
 Petrify                  Tmut/Erth      0%         N/A       100%        4
 Fireball                 Conj/Fire      0%         3d3       100%        5
 Freezing Cloud           Conj/Ice/Air   0%         6-21      100%        5
 Conjure Ball Lightning   Conj/Air       0%         3x3d6     100%        6
 Dispersal                Tloc           0%         N/A       100%        6
 Iron Shot                Conj/Erth      0%         9d1       100%        6
 Plasma Beam              Fire/Air       0%         2x1d11    100%        6
 Starburst                Conj/Fire      0%         6d3       100%        6
 Storm Form               Tmut/Air       0%         N/A       100%        7
 Discord                  Hex            0%         N/A       100%        8
 Disjunction              Tloc           0%         N/A       100%        8
 Ignition                 Fire           0%         3d3       100%        8
 Maxwell's Capacitive Co  Air            0%         ∞         100%        8
 Summon Ice Beast         Ice/Summ       Unusable   N/A       N/A         4
 Summon Lightning Spire   Summ/Air       Unusable   N/A       N/A         4
 Summon Forest            Summ/Tloc      Unusable   N/A       N/A         5
 Summon Mana Viper        Hex/Summ       Unusable   N/A       N/A         5
 Summon Cactus Giant      Summ           Unusable   N/A       N/A         6
 Summon Hydra             Summ           Unusable   N/A       N/A         7

Dungeon Overview and Level Annotations

Branches:
Dungeon (15/15)            Temple (1/1) D:6            Lair (5/5) D:10
  Swamp (0/4) Lair:3       Spider (4/4) Lair:2        Slime (0/5) Lair:5
    Orc (2/2) D:9             Elf (1/3) Orc:2        Vaults (0/5) D:13
 Depths (0/4) D:15         Bailey (visited)

Altars:
Ashenzari
Cheibriados
Dithmenos
Elyvilon
Fedhas
Gozag
Hepliaklqana
Kikubaaqudgha
Makhleb
Nemelex Xobeh
Okawaru
Qazlal
Ru
Sif Muna
Trog
Uskayaw
Vehumet
Wu Jian
Xom
Yredelemnul
Zin
The Shining One
Jiyva

Shops:
D:6 *   D:7 !   D:10 *   Orc:2 *:=((([

Annotations:
Elf:1 Zenata


Innate Abilities, Weirdness & Mutations

You have a pair of horns on your head.
You reflexively headbutt those who attack you in melee.
You expend magic power (3 MP) to strengthen your wands.


Message History

The radroach claws you but does no damage.
You block the redback's attack.
The wolf spider hits you but does no damage.
You block the wolf spider's attack.
You puncture the radroach!
The radroach is heavily wounded.
The redback barely misses you. You furiously retaliate!
You headbutt the redback!
The wolf spider hits you but does no damage.
The wolf spider misses you.
You puncture the radroach!
The radroach is severely wounded.
The radroach bites you!
* * * LOW HITPOINT WARNING * * *
You block the radroach's attack.
The redback bites you but does no damage.
You hit the radroach but do no damage.
The radroach is severely wounded.
The wolf spider barely misses you. You furiously retaliate!
You headbutt the wolf spider! The wolf spider closely misses you.
The radroach barely misses you.
The radroach claws you but does no damage.
The redback bites you but does no damage.
You block the wolf spider's attack. The wolf spider misses you.
You hit the radroach but do no damage.
The radroach is severely wounded.
The redback bites you!
* * * LOW HITPOINT WARNING * * *
Unknown command.
Okay, then.
You can now deal lightning-fast blows.
The wolf spider hits you.
* * * LOW HITPOINT WARNING * * *
The wolf spider closely misses you. The radroach bites you.
* * * LOW HITPOINT WARNING * * *
You block the radroach's attack. The redback bites you.
* * * LOW HITPOINT WARNING * * *
The wolf spider hits you but does no damage.
The wolf spider bites you!
You die...

#### (.##
...## ###
##^..#
#^^^.#.Bs.#
.....^s@..#
#..##.#####
#


You could see a radroach, a wolf spider and a redback.

Vanquished Creatures
  Rupert (Lair:5)
  Jorgrun (Spider:2)
  Asterion (Orc:2)
  Frances (Spider:2)
  Gastronok (Lair:1)
  A ghost moth (Spider:3)
  A very ugly thing (D:15)
  A broodmother (Spider:2)
  Nessos (Orc:2)
  A deep elf annihilator (Elf:1)
  A deep elf demonologist (Elf:1)
  A spark wasp (Spider:1)
  A deep elf death mage (Elf:1)
  An ettin (shapeshifter) (D:15)
  An entropy weaver (Spider:1)
  2 fire dragons
  A fire dragon (shapeshifter) (D:14)
  Erolcha (Orc:2)
  12 hydras
  3 vault guards (D:13)
  3 ogre magi (D:15)
  The ghost of GimliDwarf the Chucker, a journeyman GnWn of Jiyva (Lair:1)
  6 centaur warriors
  Erica (Lair:1)
  8 boulder beetles
  A radroach (Spider:2)
  4 death yaks
  2 dancing weapons (Elf:1)
  2 tengu warriors (D:13)
  16 two-headed ogres
  2 orc high priests
  6 deep elf knights (Elf:1)
  3 skysharks
  Sonja (Lair:5)
  A spectral death yak (Lair:1)
  4 skeletal warriors (D:15)
  4 pharaoh ants
  A sun moth (Spider:3)
  6 orb spiders
  A lindwurm (Lair:5)
  A glowing orange brain (D:15)
  A wizard (D:13)
  5 deep elf archers (Elf:1)
  2 bog bodies (Lair:3)
  14 deep elf zephyrmancers (Elf:1)
  4 steelbarb worms
  11 deep elf pyromancers
  12 orc knights
  9 wolf spiders
  3 orc sorcerers
  36 ugly things
  9 cyclopes
  3 manticores
  A spectral boulder beetle (Lair:1)
  5 black mambas
  A guardian serpent (shapeshifter) (Elf:1)
  A moth of wrath (Spider:3)
  3 gargoyles
  7 demonic crawlers
  8 elephants (Lair:3)
  3 molten gargoyles (Lair:5)
  12 cane toads
  6 torpor snails
  2 unseen horrors
  3 kobold demonologists
  2 efreet
  2 freezing wraiths
  A yaktaur (D:13)
  8 komodo dragons
  A komodo dragon (shapeshifter) (D:13)
  A tengu conjurer (D:13)
  2 polar bears
  4 trolls
  Grinder (D:3)
  5 blink frogs (Lair:2)
  12 tarantellas
  11 dream sheep
  25 jumping spiders
  A shadow (D:11)
  6 spriggans (Bailey)
  7 wyverns
  13 culicivoras
  A human (D:13)
  18 slime creatures
  A vampire (D:13)
  A spectral komodo dragon (Lair:1)
  5 wraiths
  51 yaks
  Eustachio (D:5)
  A water elemental (Elf:1)
  A fire elemental (Lair:4)
  6 basilisks
  Grum (Lair:1)
  4 steam dragons
  A redback (shapeshifter) (Elf:1)
  21 redbacks
  15 vampire mosquitoes
  2 swamp worms (Lair:3)
  3 wargs
  5 hell hounds (Lair:5)
  2 acid dragons
  16 water moccasins
  An acid dragon (shapeshifter) (D:12)
  3 ice beasts
  40 orc warriors
  2 black bears
  10 ogres
  16 centaurs
  5 wolves
  A phantom (D:7)
  A kobold brigand (D:5)
  A gnoll sergeant (D:10)
  13 bullfrogs
  4 scorpions
  3 earth elementals (Elf:1)
  2 cane toad simulacra (Lair:1)
  12 wights
  15 killer bees
  3 electric eels
  10 howler monkeys
  6 lava snakes
  7 orc priests
  6 jellies
  2 gnoll boudas
  5 hounds
  A sleepcap (D:6)
  Jessica (D:3)
  An iguana (D:5)
  20 orc wizards
  A hell rat (D:9)
  6 adders
  16 gnolls
  A river rat (D:9)
  2 shadow imps
  2 worms
  2 dart slugs
  52 orcs
  12 ball pythons
  12 endoplasms
  17 giant cockroaches
  5 goblins
  10 hobgoblins
  3 jackals (D:4)
  A quokka (D:9)
  7 bats
  5 frilled lizards
  14 kobolds
  2 rats
  A spectral orc (D:7)
889 creatures vanquished.

Vanquished Creatures (others)
  A deep elf pyromancer (Elf:1)
  Maurice (D:11)
  2 orc wizards (Orc:2)
4 creatures vanquished.

Grand Total: 893 creatures vanquished

Notes
Turn   | Place    | Note
-------+----------+-------------------------------------------
     0 | D:1      | Tauromancer the Minotaur Fighter began the quest for the
                  | Orb.
     0 | D:1      | Reached XP level 1. HP: 19/19 MP: 0/0
    62 | D:1      | Reached XP level 2. HP: 27/27 MP: 1/1
   260 | D:1      | Reached XP level 3. HP: 33/33 MP: 2/2
  1154 | D:3      | Reached XP level 4. HP: 41/41 MP: 3/3
  1379 | D:3      | Found a faded altar of an unknown god.
  1447 | D:3      | Noticed Grinder
  1453 | D:3      | Paralysed by Grinder for 2 turns
  1464 | D:3      | Killed Grinder
  1465 | D:3      | Reached skill level 5 in Fighting
  1465 | D:3      | Reached skill level 5 in Armour
  1465 | D:3      | Reached skill level 5 in Shields
  1465 | D:3      | Reached XP level 5. HP: 34/48 MP: 4/4
  1465 | D:3      | Reached XP level 6. HP: 40/56 MP: 5/5
  1605 | D:3      | Noticed Jessica
  1611 | D:3      | Killed Jessica
  2408 | D:4      | Gained mutation: You occasionally lose the ability to drink
                  | potions when taking damage. [potion of mutation]
  2409 | D:4      | Lost mutation: You occasionally lose the ability to drink
                  | potions when taking damage. [potion of mutation]
  2409 | D:4      | Gained mutation: You expend magic power (3 MP) to
                  | strengthen your wands. [potion of mutation]
  2660 | D:4      | Reached skill level 5 in Polearms
  2887 | D:5      | Entered Level 5 of the Dungeon
  2921 | D:5      | Reached XP level 7. HP: 37/62 MP: 1/6
  3149 | D:5      | Noticed Eustachio
  3172 | D:5      | Killed Eustachio
  3446 | D:5      | Reached XP level 8. HP: 67/71 MP: 7/7
  4154 | D:6      | Found a broken altar of Ashenzari.
  4180 | D:6      | You fall into a shaft and drop 2 floors!
  4238 | D:7      | Found a flagged portal.
  4258 | D:7      | Reached XP level 9. HP: 50/81 MP: 8/8
  4349 | Bailey   | Entered a bailey
  4627 | Bailey   | Noticed a two-headed ogre
  4632 | Bailey   | Killed a two-headed ogre
  4789 | Bailey   | Reached XP level 10. HP: 70/91 MP: 9/9
  4905 | D:7      | Found Wyhoepycs's Distillery.
  4987 | D:7      | Bought a potion of haste for 150 gold pieces
  5332 | D:7      | Found a basalt altar of Yredelemnul.
  5468 | D:6      | Found Zin's Purification Station.
  5494 | D:6      | Found a glowing silver altar of Zin.
  5560 | D:6      | Found a staircase to the Ecumenical Temple.
  5660 | Temple   | Entered the Ecumenical Temple
  5773 | Temple   | Became a worshipper of Warmaster Okawaru
  6063 | D:6      | Found a burning altar of Makhleb.
  6255 | D:8      | Reached skill level 10 in Fighting
  6263 | D:8      | Reached skill level 10 in Armour
  6263 | D:8      | Reached skill level 10 in Shields
  6269 | D:8      | Reached * piety under Okawaru
  6722 | D:8      | Reached skill level 10 in Polearms
  6743 | D:8      | Reached ** piety under Okawaru
  7596 | D:9      | Noticed a cyclops
  7683 | D:9      | Reached XP level 11. HP: 79/101 MP: 10/10
  7685 | D:9      | Reached *** piety under Okawaru
  7974 | D:9      | Found a staircase to the Orcish Mines.
  7987 | D:9      | Found a blossoming altar of Fedhas.
  7993 | D:9      | Reached **** piety under Okawaru
  8205 | D:9      | Found a hazy altar of Hepliaklqana.
  8623 | D:10     | Entered Level 10 of the Dungeon
  8623 | D:10     | Noticed a death yak
  8623 | D:10     | Found a staircase to the Lair.
  8625 | D:10     | Noticed a death yak
  8627 | D:10     | Noticed a death yak
  8640 | D:9      | Killed a death yak
  8641 | D:9      | Reached skill level 1 in Dodging
  8641 | D:9      | Received a gift from Okawaru
  8658 | D:9      | Killed a death yak
  8671 | D:9      | Killed a death yak
  8840 | D:10     | Reached ***** piety under Okawaru
  9246 | D:10     | Found Ea-nāṣir's Fine Metal Goods.
  9427 | D:10     | Noticed a boulder beetle
  9465 | D:10     | Killed a boulder beetle
  9593 | D:10     | Identified a scroll of acquirement
  9715 | D:10     | Acquired 846 gold pieces
  9732 | D:10     | Noticed a two-headed ogre
  9737 | D:10     | Killed a two-headed ogre
  9738 | D:10     | Reached XP level 12. HP: 99/112 MP: 4/11
  9750 | D:10     | Bought a glowing scale mail for 245 gold pieces
  9867 | D:11     | Received a gift from Okawaru
  9899 | D:11     | Noticed Maurice
  9911 | D:11     | Killed Maurice
 10648 | D:12     | Noticed a boulder beetle
 10653 | D:12     | Killed a boulder beetle
 10762 | D:12     | Noticed a two-headed ogre
 10770 | D:12     | Killed a two-headed ogre
 10771 | D:12     | Reached skill level 15 in Polearms
 10886 | D:12     | Noticed a two-headed ogre
 11037 | D:12     | Identified the +7 chain mail of the Teacher {rPois Dex+6}
                  | (Okawaru gifted it to you on level 12 of the Dungeon)
 11037 | D:12     | Received a gift from Okawaru
 11066 | D:12     | Noticed a fire dragon
 11072 | D:12     | Killed a fire dragon
 11088 | D:12     | Noticed a two-headed ogre
 11091 | D:12     | Noticed a five-headed hydra
 11093 | D:12     | Killed a two-headed ogre
 11097 | D:12     | Killed a five-headed hydra
 11376 | D:11     | Reached XP level 13. HP: 96/119 MP: 12/12
 11379 | D:11     | Reached skill level 5 in Dodging
 11698 | D:13     | Reached skill level 1 in Invocations
 11756 | D:13     | Identified the +0 demon trident of Ypresu Iskoa {pain, rF+
                  | rN++} (Okawaru gifted it to you on level 13 of the Dungeon)
 11756 | D:13     | Received a gift from Okawaru
 12039 | D:13     | Found a gate to the Vaults.
 12262 | D:13     | Reached ****** piety under Okawaru
 12769 | Orc:1    | Entered Level 1 of the Orcish Mines
 12848 | Orc:2    | Entered Level 2 of the Orcish Mines
 12854 | Orc:2    | Found a staircase to the Elven Halls.
 13671 | Orc:2    | Found Fobyith's Book Shop.
 13671 | Orc:2    | Found Afej Yxy's Jewellery Emporium.
 13681 | Orc:2    | Found Bophummy's Antique Weapon Emporium.
 13686 | Orc:2    | Bought the ring "Earthly Heaven" {rPois rC+} for 510 gold
                  | pieces
 13804 | Orc:2    | Paralysed by an orc sorcerer for 4 turns
 13872 | Orc:2    | Found Xagoegg's General Store.
 13891 | Orc:2    | Reached skill level 5 in Invocations
 13892 | Orc:2    | Reached XP level 14. HP: 128/132 MP: 16/16
 13909 | Orc:2    | Identified the +1 pair of boots "Ziwia" {Will+ Str+3
                  | Slay+2} (Okawaru gifted it to you on level 2 of the Orcish
                  | Mines)
 13909 | Orc:2    | Received a gift from Okawaru
 14112 | Orc:2    | Noticed Erolcha
 14196 | Orc:2    | Noticed Nessos
 14205 | Orc:2    | Killed Nessos
 14304 | Orc:2    | Killed Erolcha
 14661 | Orc:2    | Found Xymawux's Antique Weapon Shoppe.
 14661 | Orc:2    | Found Nogoz's Magic Scroll Shop.
 14663 | Orc:2    | Found Mowegh's Weapon Boutique.
 14665 | Orc:2    | Found Ogausiucvu's Armour Emporium.
 14846 | Elf:1    | Entered Level 1 of the Elven Halls
 14904 | Elf:1    | Noticed Asterion
 14912 | Elf:1    | Noticed an Executioner
 15236 | Orc:2    | Killed Asterion
 15314 | Elf:1    | Found a gateway to a bazaar.
 15486 | Elf:1    | Reached skill level 15 in Fighting
 15488 | Elf:1    | Reached skill level 15 in Armour
 15751 | Elf:1    | Received a gift from Okawaru
 15914 | Elf:1    | Identified the +1 pair of boots "Giskumal" {Str+4 Stlth+}
                  | (Okawaru gifted it to you on level 1 of the Elven Halls)
 15914 | Elf:1    | Received a gift from Okawaru
 15922 | Elf:1    | Reached skill level 10 in Dodging
 16167 | Elf:1    | Found the +4 Cigotuvi's embrace {Corpsefed rMiasma Drain
                  | rN+}
 16465 | Elf:1    | Noticed Zenata
 16584 | Bazaar   | Entered a bazaar
 16588 | Bazaar   | Found Enatrop's General Store.
 16596 | Bazaar   | Found Cuigames's Antique Weapon Shoppe.
 16607 | Bazaar   | Found Gierch's Jewellery Boutique.
 16618 | Bazaar   | Found Zekhlod's Antique Armour Emporium.
 16626 | Bazaar   | Found Tetwuoc's Distillery.
 16656 | Bazaar   | Bought +0 gold dragon scales for 1040 gold pieces
 16670 | Bazaar   | Bought the ring of Curiosity {rN++ Int-2 Dex+6 Slay+3} for
                  | 680 gold pieces
 16892 | D:14     | Reached XP level 15. HP: 118/132 MP: 19/19
 17152 | D:14     | Found a broken altar of Ashenzari.
 17757 | D:15     | Entered Level 15 of the Dungeon
 18125 | D:15     | Received a gift from Okawaru
 18433 | D:15     | Received a gift from Okawaru
 18786 | D:15     | Received a gift from Okawaru
 18813 | D:15     | Found a staircase to the Depths.
 19328 | Lair:1   | Entered Level 1 of the Lair of Beasts
 19440 | Lair:1   | Noticed Gastronok
 19463 | Lair:1   | Killed Gastronok
 19571 | Lair:1   | Noticed Grum
 19584 | Lair:1   | Reached XP level 16. HP: 130/154 MP: 22/22
 19587 | Lair:1   | Killed Grum
 19765 | Lair:1   | Found a runed translucent gate.
 19766 | Lair:1   | Found a runed translucent gate.
 19879 | Lair:1   | Noticed Erica
 19885 | Lair:1   | Killed Erica
 20018 | Lair:1   | Found a runed translucent gate.
 20107 | Lair:1   | Noticed GimliDwarf's ghost (journeyman GnWn)
 20249 | Lair:1   | Killed GimliDwarf's ghost
 20574 | Lair:2   | Reached skill level 10 in Invocations
 20921 | Lair:2   | You fall into a shaft and drop 2 floors!
 21025 | Lair:4   | Received a gift from Okawaru
 21265 | Lair:4   | Reached skill level 1 in Throwing
 22461 | Lair:3   | Found a staircase to the Swamp.
 22990 | Lair:2   | Found a hole to the Spider Nest.
 23232 | Lair:5   | Entered Level 5 of the Lair of Beasts
 23401 | Lair:5   | Noticed Rupert
 23419 | Lair:5   | Killed Rupert
 23503 | Lair:5   | Found a viscous altar of Jiyva.
 23503 | Lair:5   | Found a staircase to the Slime Pits.
 23765 | Lair:5   | Noticed Sonja
 23776 | Lair:5   | Killed Sonja
 24063 | Lair:5   | Received a gift from Okawaru
 24106 | Lair:5   | Found a large runed translucent door.
 24107 | Lair:5   | Found a large runed translucent door.
 24690 | Lair:5   | Got the Handbook of Quantum Geology
 24924 | Spider:1 | Entered Level 1 of the Spider Nest
 25204 | Spider:1 | Reached skill level 5 in Throwing
 25749 | Spider:1 | Reached XP level 17. HP: 123/165 MP: 23/23
 26054 | Spider:2 | Noticed Frances
 26073 | Spider:2 | Killed Frances
 26927 | Spider:2 | Identified the +0 leather armour of the Land of Plenty
                  | {Dex+8}
 27288 | Spider:2 | Noticed Jorgrun
 27375 | Spider:2 | Killed Jorgrun
 27470 | Spider:2 | You fall into a shaft and drop 1 floor!
 27517 | Spider:3 | Identified the +3 spear of Coisiy {distort, Str+3 Int+3}
                  | (Okawaru gifted it to you on level 3 of the Spider Nest)
 27517 | Spider:3 | Received a gift from Okawaru
 28280 | Spider:4 | Entered Level 4 of the Spider Nest
 28589 | Spider:4 | HP: 4/166 [radroach (6)]
 28589 | Spider:4 | HP: 1/166 [redback (3)]
 28589 | Spider:4 | Mangled by a wolf spider

Illustrated notes

Levels and vault maps discovered:
D:1:      psy_arrival_basics, layout_rooms, interstate_on_off, minmay_cut_off
D:2:      layout_loops_ring
D:3:      minmay_roachtagon, layout_loops_corners,
          hellmonk_ecumenical_altar_lost_god, kennysheep_boxes, uniq_grinder,
          uniq_jessica
D:4:      layout_basic
D:5:      layout_basic, uniq_eustachio
D:6:      layout_rooms, zin_purify, lemuel_coloured_pillars_altar,
          kennysheep_mini, minmay_temple_entry_wispy
D:7:      layout_cave_pools, yredelemnul_forgotten_temple_becter, serial_shops,
          shop, enter_bailey_2
D:8:      layout_rooms
D:9:      layout_basic, nicolae_hepliaklqana_hippocampus, fedhas_ov_isle_minmay,
          orc_0_dummy
D:10:     layout_basic, dpeg_lair_monsters, nicolae_ea-nasir_strikes_again,
          nzn_sisyphean_effort
D:11:     layout_long_grid, uniq_maurice
D:12:     minmay_chambers_of_sevens, layout_irregular_city
D:13:     layout_cave_pools, grunt_vaults_entry_fortified,
          kennysheep_opposing_triangles
D:14:     layout_basic, minmay_door_square, ashenzari_conservatory_becter
D:15:     gammafunk_enter_depths_forms, layout_basic, dk_noncrumbling_2
Temple:   compressed_dpeg_triangle_lava_temple
Lair:1:   layout_regular_city, gammafunk_ghost_necromancy, lemuel_fruit_fields,
          uniq_gastronok, uniq_erica, uniq_grum
Lair:2:   layout_roguey, spider_nest_entry_a, serial_bayou_shore_b,
          grunt_megastairs_4
Lair:3:   layout_roguey, nicolae_swamp_entry_splash_gauntlet, fungi_pond_lemuel
Lair:4:   layout_gridlike
Lair:5:   cheibrodos_lair_end_hotspot, layout_long_grid,
          minmay_slime_entry_pillars, uniq_sonja, uniq_rupert
Spider:1: layout_spider_delve, hive_lemuel
Spider:2: layout_spider_delve, gammafunk_ghost_mausoleum, uniq_jorgrun,
          uniq_frances
Spider:3: layout_spider_delve
Spider:4: grunt_spider_rune_circles, drop_trap
Orc:1:    layout_caves, bh_open_orc_temple
Orc:2:    st_orc_rangers, layout_diamond_mine, serial_shops, shop,
          guppyfry_orc_lava_fort, uniq_erolcha, uniq_nessos
Elf:1:    layout_loops_ring, serial_shops, bzr_entry_road,
          hangedman_elf_represent, uniq_asterion, uniq_zenata

Skill      XL: |  1  2  3  4  5  6  7  8  9 10 11 12 13 14 15 16 17 |
---------------+----------------------------------------------------+-----
Fighting       | 4 5 6 8 9 10 12 14 15 16 18 | 18.9
Armour         | 4 5 6 7 9 10 11 12 14 15 16 18 | 18.9
Polearms       | 3 4 5 6 7 9 10 12 15 16 | 16.0
Shields        | 4 5 6 7 9 10 12 | 12.0
Dodging        | 3 4 7 10 11 13 14 | 14.0
Invocations    | 5 7 9 10 | 10.1
Throwing       | 5 7 |  7.0

Action                     |  1- 3 |  4- 6 |  7- 9 | 10-12 | 13-15 | 16-18 || total
---------------------------+-------+-------+-------+-------+-------+-------++-------
  Melee: Trident           |   101 |   111 |   224 |   674 |   833 |    55 ||  1998
         Headbutt          |    12 |    11 |    23 |   130 |   233 |   273 ||   682
         War axe           |       |       |       |     9 |       |       ||     9
         Demon trident     |       |       |       |       |   199 |   924 ||  1123
  Throw: Throwing net      |       |       |       |       |       |     1 ||     1
 Invoke: Heroism           |       |       |       |     3 |     6 |     9 ||    18
         Finesse           |       |       |       |       |       |     5 ||     5
  Evoke: Wand              |       |     3 |       |    26 |    13 |       ||    42
    Use: Scroll            |     7 |     6 |     1 |    13 |     9 |     5 ||    41
         Potion            |       |     6 |     1 |     4 |     4 |     1 ||    16
   Stab: Invisible         |       |       |       |       |     1 |       ||     1
         Distracted        |       |       |       |       |       |     1 ||     1
 Armour: Scale mail        |    23 |    15 |       |       |       |       ||    38
         Chain mail        |       |     5 |    69 |    55 |   250 |       ||   379
         Plate armour      |       |       |       |   165 |       |       ||   165
         Gold dragon scale |       |       |       |       |    74 |   385 ||   459
  Dodge: Dodged            |    19 |    20 |    45 |   143 |   307 |   404 ||   938
  Block: Kite shield       |    27 |    35 |    96 |   313 |   522 |   497 ||  1490
